Map: Lost and Found LE

Players

Geralt (Gerald)

  • Race: Protoss Protoss
  • League: Grandmaster
  • Spawn Location: 1:00

Patience - Winner!

  • Race: Protoss Protoss
  • Spawn Location: 7:00

Event: HomeStory Cup XVII

VOD

Have the link to the VOD?

Description

Time

  • Played on: June 29, 2018, 1:33 p.m.
  • Length: 8:08

All games in this series

Show
View Real Time Build Order
Export as new Build Order

Geralt Protoss 

Build Orders: Zealot Archon, Dark Templar Rush 

Get SALT Encoding   

  12  0:00  Probe  
  13  0:12  Probe  
  14  0:17  Pylon  
  14  0:23  Probe  
  15  0:31  Probe  
  16  0:37  Gateway  
  16  0:39  Probe  
  16  0:46  Assimilator  
  17  0:50  Probe  
  17  0:54  Assimilator  
  18  0:58  Probe  
  19  1:07  Probe  
  20  1:14  Gateway  
  20  1:17  Probe  
  20  1:24  Cybernetics Core  
  21  1:29  Probe  
  22  1:33  Pylon  
  22  1:41  Probe  
  23  1:50  Warp Gate  
  23  1:54  Probe  
  24  2:01  Adept x2  
  26  2:06  Pylon  
  28  2:14  Twilight Council  
  28  2:16  Probe  
  28  2:22  Pylon  
  29  2:31  Stalker  
  31  2:38  Pylon  
  31  2:40  Stalker  
  34  2:44  Probe  
  33  3:01  Dark Shrine  
  33  3:06  Pylon  
  33  3:21  Nexus  
  31  3:27  Shield Battery  
  31  3:35  Probe  
  31  3:40  Pylon  
  30  3:45  Shield Battery  
  30  3:52  Pylon  
  30  3:56  Sentry  
  32  4:09  Probe  
  33  4:12  Dark Templar  
  33  4:15  Dark Templar  
  37  4:28  Probe  
  37  4:30  Robotics Facility  
  36  4:50  Stalker x2  
  40  5:01  Gateway  
  40  5:10  Shield Battery  
  40  5:11  Stalker  
  40  5:12  Stalker  
  44  5:19  Immortal  
  48  5:33  Stalker x2  
  48  5:56  Stalker x2  
  47  6:11  Probe x2  
  47  6:17  Warp Prism  
  49  6:19  Probe x2  
  53  6:27  Probe  
  53  6:28  Probe  
  55  6:35  Sentry x2  
  59  6:45  Pylon  
  59  6:50  Dark Templar  
  61  6:54  Archon  
  61  6:56  Probe  
  61  6:59  Pylon  
  62  7:03  Probe  
  62  7:07  Adept x2  
  67  7:15  Probe  
  68  7:21  Stalker  
  68  7:22  Gateway  
  70  7:27  Probe  
  71  7:37  Stalker x3  
  71  7:39  Probe x2  
  64  8:01  Adept  
  55  8:06  Pylon  
Show
View Real Time Build Order
Export as new Build Order

Patience Protoss - Winner!

Build Orders:  

Get SALT Encoding   

  12  0:00  Probe  
  13  0:13  Probe  
  14  0:17  Pylon  
  14  0:23  Probe  
  15  0:31  Probe  
  16  0:37  Gateway  
  16  0:39  Probe  
  16  0:46  Assimilator  
  17  0:51  Probe  
  17  0:54  Assimilator  
  18  0:59  Probe  
  19  1:07  Gateway, Probe  
  20  1:17  Probe  
  21  1:25  Cybernetics Core  
  21  1:29  Probe  
  22  1:35  Pylon  
  22  1:42  Probe  
  23  1:54  Warp Gate, Probe  
  24  2:03  Adept  
  24  2:04  Sentry  
  28  2:11  Pylon  
  28  2:31  Stalker x2  
  32  2:51  Shield Battery  
  32  2:56  Pylon  
  32  3:01  Stalker x2  
  37  3:07  Gateway  
  37  3:10  Gateway  
  37  3:11  Shield Battery  
  34  3:29  Shield Battery x2, Pylon  
  34  3:40  Robotics Facility  
  34  4:00  Stalker x2  
  38  4:04  Adept  
  38  4:05  Stalker  
  41  4:22  Observer  
  41  4:27  Pylon  
  42  4:36  Adept x3  
  42  4:37  Sentry  
  50  4:40  Observer  
  49  4:58  Nexus  
  49  5:11  Pylon  
  49  5:13  Pylon  
  49  5:19  Twilight Council  
  49  5:37  Adept x3  
  53  5:44  Probe  
  50  5:58  Probe  
  50  6:00  Warp Prism  
  49  6:10  Probe  
  50  6:12  Probe  
  50  6:15  Dark Shrine  
  49  6:22  Probe  
  50  6:28  Probe  
  50  6:32  Immortal, Sentry  
  49  6:33  Sentry x2  
  55  6:46  Probe x2  
  61  6:51  Pylon  
  61  6:58  Probe x2  
  63  7:09  Shield Battery x2  
  63  7:11  Assimilator  
  63  7:15  Shield Battery  
  63  7:27  Dark Templar  
  63  7:29  Zealot  
  67  7:33  Probe x2  
  69  7:40  Dark Templar  
  69  7:41  Zealot  
  73  7:45  Probe  
  73  7:46  Probe  
  73  7:52  Adept  
  75  8:01  Adept  
  67  8:06  Assimilator  
Tags
 
Add a new tag
Caveats
  • Supply blocks, unpowered buildings, or Contaminate may cause inaccurate times.
  • Supply counts are checked every 10 seconds.